 Dungeon Crawl Stone Soup version 0.25-a0-875-geaba134f46 (webtiles) character file.

Game seed: 370387318559741591, levelgen mode: deterministic

0 Esekla the Conjurer (level 1, 13/13 HPs)
             Began as a Formicid Conjurer on May 2, 2020.
             Got out of the dungeon alive.
             The game lasted 00:03:37 (375 turns).

Esekla the Conjurer (Formicid Conjurer)              Turns: 375, Time: 00:03:38

Health: 13/13      AC:  3    Str: 12    XL:     1   Next: 11%
Magic:  3/3        EV: 11    Int: 14    God:
Gold:   8          SH:  3    Dex: 11    Spells: 3/4 levels left

rFire    . . .     SeeInvis +   b - -2 dagger (curse)
rCold    . . .     Gourm    .   f - +0 buckler
rNeg     . . .     Faith    .   h - +0 leather armour
rPois    .         Spirit   .   (helmet unavailable)
rElec    .         Reflect  .   (no cloak)
rCorr    .         Harm     .   (no gloves)
MR       .....                  (no boots)
Stlth    ++........             (no amulet)
HPRegen  0.04/turn              (no ring)
MPRegen  0.08/turn              (no ring)

@: no status effects
A: permanent stasis, dig shafts and tunnels, four strong arms, antennae 3
a: Dig, Shaft Self


You escaped.
You were not hungry.

You visited 1 branch of the dungeon, and saw 2 of its levels.

You collected 8 gold pieces.

Inventory:

Hand Weapons
 b - a cursed -2 dagger (weapon)
Armour
 f - a +0 buckler (worn)
 h - a +0 leather armour (worn)
Jewellery
 d - an uncursed ring of ice
Potions
 e - a potion of curing {unknown}
 g - a potion of heal wounds {unknown}
Comestibles
 c - a ration


   Skills:
 + Level 1.7 Dodging
 - Level 2.4 Stealth
 * Level 2.2 Spellcasting
 + Level 3.6 Conjurations


You had 3 spell levels left.
You knew the following spells:

 Your Spells              Type           Power        Failure   Level  Hunger
a - Magic Dart            Conj           ##..         12%         1    #......

Your spell library contained the following spells:

 Spells                   Type           Power        Failure   Level  Hunger
 Searing Ray              Conj           ##....       17%         2    ###....
 Dazzling Flash           Conj/Hex       #.....       58%         3    ###....
 Fulminant Prism          Conj/Hex       #.........   94%         4    #####..
 Iskenderun's Mystic Bla  Conj/Tloc      #.......     94%         4    #####..


Dungeon Overview and Level Annotations

Branches:
Dungeon (2/15)

Altars:


Innate Abilities, Weirdness & Mutations

You cannot be hasted, slowed, berserked, paralysed or teleported.
You can dig through walls and to a lower floor.
Your four strong arms can wield two-handed weapons with a shield.
You have a pair of large antennae on your head. (SInv)


Message History

You see here a +0 club.
Found a leather armour.
You see here a leather armour.
h - a leather armour You start removing your armour.
You continue taking off your +0 robe. x4
You finish taking off your +0 robe.
You start putting on your armour.
You continue putting on your leather armour. x5
You finish putting on your +0 leather armour.
Drop what? 8/52 slots (_ for help) (? for menu, Esc to quit)
You drop a +0 robe.
A kobold comes into view.
You see here a +0 robe.
Found 7 gold pieces.
You now have 8 gold pieces (gained 7).
A kobold comes into view.
You see here a ring mail.
There is a staircase leading out of the dungeon here.
Are you sure you want to leave the Dungeon?
This will make you lose the game!
You have escaped!

?...# ######.#.#### #####
#............ #
#.########### # #..#
##### ###.### ....#
##≈#.#≈## ###.#
##≈P≈.≈.≈## # #.#
#≈P8P..8.≈# # #.#
##≈P.@..≈## # #.#
####≈♣...P≈###. ###.#
#.#≈♣8♣.P8P≈#.. ....#
#.##≈♣...P≈##.## ##..#
##.###≈#.#≈##...### #..#
##...####[###..#...{
#..####......#...# #...#
##............##.####...#
#..#####.....##.........#


There were no monsters in sight!

Vanquished Creatures
  A kobold (D:1)
1 creature vanquished.

Vanquished Creatures (others)
  4 toadstools (D:1)
4 creatures vanquished.

Grand Total: 5 creatures vanquished

Notes
Turn   | Place    | Note
-------+----------+-------------------------------------------
     0 | D:1      | Esekla the Formicid Conjurer began the quest for the Orb.
     0 | D:1      | Reached XP level 1. HP: 13/13 MP: 3/3
   375 | D:$      | Got out of the dungeon alive.

Levels and vault maps discovered:
D:1:      ldierk_walled_garden_2, layout_loops_ring
D:2:      lemuel_upstairs_altar, layout_basic, overflow_temple_1_default,
          hangedman_decor_growths

Action                   || total
-------------------------++-------
 Cast: Magic Dart        ||     2
  Use: Scroll            ||     2

Table legend:
 A = Non-vault XP
 B = Vault XP
 C = Vault XP percentage of total XP
 D = Non-vault monster count
 E = Vault monster count
 F = Vault count percentage of total count
                 A         B        C        D         E       F
            +---------+---------+-------+---------+---------+-------
      Total |       1 |       0 |   0.0 |       1 |       0 |   0.0
            +---------+---------+-------+---------+---------+-------
        D:1 |       1 |       0 |   0.0 |       1 |       0 |   0.0
            +---------+---------+-------+---------+---------+-------
